 Dungeon Crawl Stone Soup version 0.22.0-13-g43fe8f2 (webtiles) character file.

44 letownia2 the Insei (level 3, -4/26 HPs)
             Began as a Demonspawn Transmuter on Aug 16, 2018.
             Killed by divine providence
             ... invoked by an orc priest
              (12 damage)
             ... on level 2 of the Dungeon.
             The game lasted 00:04:04 (720 turns).

letownia2 the Insei (Demonspawn Transmuter)          Turns: 720, Time: 00:04:04

Health: -4/26      AC:  3    Str: 11    XL:     3   Next: 41%
Magic:  6/6        EV: 14    Int: 14    God:
Gold:   65         SH:  0    Dex: 13    Spells: 3/6 levels left

rFire    . . .     SeeInvis .     - Unarmed
rCold    . . .     Gourm    .   (no shield)
rNeg     . . .     Faith    .   f - +0 leather armour
rPois    .         Spirit   .   (no helmet)
rElec    .         Reflect  .   (no cloak)
rCorr    .         Harm     .   (no gloves)
MR       .....                  (no boots)
Stlth    +.........             (no amulet)
HPRegen  0.08/turn              (no ring)
MPRegen  0.10/turn              (no ring)

@: no status effects
A: repulsion field 1
a: no special abilities


You were on level 2 of the Dungeon.
You were not hungry.

You visited 1 branch of the dungeon, and saw 3 of its levels.

You collected 65 gold pieces.

Inventory:

Missiles
 a - 12 arrows
 k - a tomahawk (quivered)
Armour
 b - a +0 robe
 f - a +0 leather armour (worn)
Jewellery
 e - an uncursed ring of fire
Scrolls
 c - a scroll of fog {unknown}
 g - a scroll of amnesia {unknown}
 h - a scroll of enchant armour {unknown}
 i - a scroll of blinking {unknown}
Potions
 l - a potion of cancellation {unknown}
Comestibles
 d - 2 rations


   Skills:
 - Level 1.0 Fighting
 - Level 1.7 Dodging
 + Level 4.1 Unarmed Combat
 - Level 2.0 Spellcasting
 - Level 1.7 Transmutations


You had 3 spell levels left.
You knew the following spells:

 Your Spells              Type           Power        Failure   Level  Hunger
a - Beastly Appendage     Tmut           #.....       16%         1    ##.....
l - Sticks to Snakes      Tmut           #.......     22%         2    ###....

Your spell library contained the following spells:

 Spells                   Type           Power        Failure   Level  Hunger
 Spider Form              Tmut/Pois      #.........   54%         3    ####...
 Blade Hands              Tmut           #.........   99%         5    ######.
 Ice Form                 Ice/Tmut       #.......     91%         4    #####..


Dungeon Overview and Level Annotations

Branches:
Dungeon (3/15)

Altars:
Gozag
Trog
The Shining One


Innate Abilities, Weirdness & Mutations

You are surrounded by a mild repulsion field. (EV +2)


Message History

You climb downwards.
The worm barely misses you.
There is a stone staircase leading up here.
Unknown command.
Your horns disappear.
An orc and an orc priest come into view.
The orc shouts!
The orc priest shouts!
The orc moves out of view.
Found a glowing golden altar of the Shining One.
An orc comes into view. It is wielding a whip.
Found 19 gold pieces, a scroll labeled NUDAGO UTIATT and 18 stones.
The orc hits you with a whip. The orc hits you with a whip.
* * * LOW HITPOINT WARNING * * *
Found 15 gold pieces.
Casting: Beastly Appendage (safe; 16% risk of failure)
Confirm with . or Enter, or press ? or * to list all spells.
Okay, then.
The orc priest invokes the aid of Beogh against you.
Beogh smites you!
You die...

...........†.##......._.
..(.......##..#......#.#
###..######.###...>.......
....# #.# ###......).. <...#
##.# ##...........
....######..####.....!.......
...........#..................
...######..#....##............
........#.......@##..%..#.....
...........##.##...#........#
......<.#..##.####o#........#
..†..)....##..# #..........#
.##.#..g####.## ##......(..#
....<...## #.# ###.....$.#####
###....g.###.# #........$..#
#######.#..# #..o...?#...
##>## #..g## #...o...##.##


You could see an orc priest and an orc.

Vanquished Creatures
  2 adders (D:2)
  An orc (D:2)
  A ball python (D:2)
  A giant cockroach (D:2)
  5 hobgoblins
  2 kobolds
  5 bats
  3 frilled lizards (D:2)
  2 goblins (D:2)
  2 rats (D:1)
24 creatures vanquished.

Notes
Turn   | Place    | Note
-------+----------+-------------------------------------------
     0 | D:1      | letownia2 the Demonspawn Transmuter began the quest for the Orb.
     0 | D:1      | Reached XP level 1. HP: 15/15 MP: 3/3
   177 | D:2      | Reached skill level 3 in Unarmed Combat
   209 | D:2      | Gained mutation: You are surrounded by a mild repulsion field. (EV +2) [demonic ancestry]
   209 | D:2      | Reached XP level 2. HP: 16/21 MP: 3/5
   417 | D:2      | Reached XP level 3. HP: 14/26 MP: 4/6
   439 | D:2      | Reached skill level 4 in Unarmed Combat
   478 | D:2      | Found an opulent altar of Gozag.
   531 | D:2      | Learned a level 2 spell: Sticks to Snakes
   614 | D:2      | Found a bloodstained altar of Trog.
   707 | D:2      | Found a glowing golden altar of the Shining One.
   720 | D:2      | Killed from afar by an orc priest

Skill      XL: |  1  2  3 |
---------------+----------+-----
Unarmed Combat | 3 4 |  4.1
Fighting       | |  1.0
Dodging        | |  1.7
Spellcasting   | |  2.0
Transmutations | |  1.7

Action                   || total
-------------------------++-------
Melee: Unarmed           ||    67
       Kick              ||     4
       Headbutt          ||     2
Throw: Tomahawk          ||     7
 Cast: Beastly Appendage ||    16
 Stab: Sleeping          ||     1
Armor: Leather armour    ||    11
       Robe              ||     1
Dodge: Dodged            ||    59
